 Dungeon Crawl Stone Soup version 0.27-a0-1200-g94dc6ad4cf (webtiles) character file.

Game seed: 14070019269923944951

81 polve the Cutter (level 4, -2/35 HPs)
             Began as a Demonspawn Abyssal Knight on May 30, 2021.
             Was a Follower of Lugonu.
             Slain by a gnoll
             ... wielding a +0 halberd
              (8 damage)
             ... on level 2 of the Dungeon.
             The game lasted 00:01:42 (2557 turns).

polve the Cutter (Demonspawn Abyssal Knight)        Turns: 2557, Time: 00:01:43

Health: -2/35      AC:  3    Str: 13    XL:     4   Next: 20%
Magic:  5/5        EV: 11    Int: 14    God:    Lugonu [*.....]
Gold:   94         SH:  0    Dex: 12    Spells: 3/3 levels left

rFire    . . .     SeeInvis .   a - +1 short sword
rCold    . . .     Faith    .   (no shield)
rNeg     . . .     Spirit   .   b - +0 leather armour
rPois    .         Reflect  .   (no helmet)
rElec    .         Harm     .   (no cloak)
rCorr    .         Rampage  .   (no gloves)
Will     .....                  (no boots)
Stlth    +.........             (no amulet)
HPRegen  0.11/turn              (no ring)
MPRegen  0.09/turn              (no ring)

@: no status effects
A: talons 1, ignite blood 1
a: Renounce Religion, Depart the Abyss


You were on level 2 of the Dungeon.
You worshipped Lugonu.
Lugonu was aware of your devotion.
You visited 1 branch of the dungeon, and saw 2 of its levels.
You visited the Abyss 1 time.

You collected 94 gold pieces.

Inventory:

Hand Weapons
 a - a +1 short sword (weapon)
Missiles
 e - 3 atropa-tipped darts
Armour
 b - a +0 leather armour (worn)
Jewellery
 f - a +6 ring of strength
 n - a ring of willpower
Scrolls
 c - a scroll of brand weapon {unknown}
 d - 2 scrolls of torment {unknown}
 g - 2 scrolls of identify {unknown}
 i - a scroll of teleportation {unknown}
 k - a scroll of enchant armour {unknown}
 l - a scroll of fear {unknown}
 m - a scroll of noise {unknown}
 o - a scroll of fog {unknown}
Potions
 h - a potion of curing {unknown}


   Skills:
 - Level 3.0 Fighting
 - Level 4.0 Short Blades
 + Level 2.1 Armour
 - Level 0.8 Dodging
 - Level 2.4 Invocations


You had 3 spell levels left.
You didn't know any spells.
Your spell library contained the following spells:

 Spells                   Type           Power      Damage    Failure   Level
 Magic Dart               Conj           0%         1d3       36%         1
 Sandblast                Erth           0%         2d4       36%         1
 Blink                    Tloc           N/A        N/A       50%         2
 Call Imp                 Summ           0%         N/A       50%         2
 Passwall                 Tmut/Erth      0%         N/A       50%         2
 Slow                     Hex            0%         N/A       50%         2
 Conjure Flame            Conj/Fire      0%         6-21      73%         3
 Mephitic Cloud           Conj/Pois/Air  0%         N/A       73%         3
 Stone Arrow              Conj/Erth      0%         3d7       73%         3
 Petrify                  Tmut/Erth      0%         N/A       98%         4
 Lee's Rapid Deconstruct  Erth           0%         3d5*      100%        5


Dungeon Overview and Level Annotations

Branches:
Dungeon (2/15)

Altars:


Innate Abilities, Weirdness & Mutations

You have sharp toenails.
Your demonic aura sometimes causes spilled blood to erupt in flames.


Message History

The gnoll hits you from afar with a +0 halberd.
The gnoll closely misses you.
You hit the gnoll.
The gnoll is lightly wounded.
The gnoll hits you with a +0 halberd!
You are too injured to fight recklessly!
You are too injured to fight recklessly!
You are too injured to fight recklessly!
You are too injured to fight recklessly!
You are too injured to fight recklessly!
You are too injured to fight recklessly!
You are too injured to fight recklessly!
You are too injured to fight recklessly!
You are too injured to fight recklessly!
You are too injured to fight recklessly!
You are too injured to fight recklessly!
You are too injured to fight recklessly!
You are too injured to fight recklessly!
You hit the gnoll but do no damage. Your kick misses the gnoll.
The gnoll is lightly wounded.
You hit the gnoll. Your kick misses the gnoll.
The gnoll is heavily wounded.
The gnoll barely misses you.
You hit the gnoll but do no damage. Your kick misses the gnoll.
The gnoll is heavily wounded.
The gnoll hits you with a +0 halberd.
You closely miss the gnoll.
The gnoll is heavily wounded.
The gnoll barely misses you.
You closely miss the gnoll.
The gnoll is heavily wounded.
The gnoll hits you with a +0 halberd.
You completely miss the gnoll.
The gnoll is heavily wounded.
The gnoll hits you with a +0 halberd!
* * * LOW HITPOINT WARNING * * *
You hit the gnoll. You claw the gnoll.
The gnoll is severely wounded.
The gnoll hits you with a +0 halberd!
You die...

.#.......##..........# #.....
...####..##..........# ##...#
#.## #..#####....#..#########.##
#.#####..^........#..........(.#
#.........##########..##########
#######.#.# ##...## #.#.#
##.....## #.#.########.......##
#........g@...).....#
####.########.......##
#...#.g.....##.....##
#.##.######g###...## # #.# #.#
#.>## #####.##.# #.# #..#
.........# #.# #..# ..##...###
#.###..# #g...#.
#.#....#########


You could see a gnoll.

Vanquished Creatures
  2 gnolls
  2 adders (D:2)
  A worm (D:2)
  A dart slug (D:1)
  An orc (D:2)
  3 ball pythons (D:1)
  A bat (D:2)
  An endoplasm (D:1)
  5 goblins
  5 hobgoblins
  7 jackals
  6 kobolds
  2 rats
37 creatures vanquished.

Notes
Turn   | Place    | Note
-------+----------+-------------------------------------------
     0 | Abyss:1  | polve the Demonspawn Abyssal Knight began the quest for the
                  | Orb.
     0 | Abyss:1  | Reached XP level 1. HP: 18/18 MP: 2/2
    11 | Abyss:1  | Found a corrupted altar of Lugonu.
   132 | Abyss:1  | Noticed a small abomination
   135 | D:1      | Escaped the Abyss
   356 | D:1      | Reached skill level 2 in Short Blades
   677 | D:1      | Gained mutation: You have sharp toenails. [demonic
                  | ancestry]
   677 | D:1      | Reached XP level 2. HP: 22/24 MP: 3/3
  1279 | D:1      | Reached skill level 3 in Short Blades
  1558 | D:2      | Gained mutation: Your demonic aura sometimes causes spilled
                  | blood to erupt in flames. [demonic ancestry]
  1558 | D:2      | Reached XP level 3. HP: 26/29 MP: 4/4
  1784 | D:2      | Reached * piety under Lugonu
  2286 | D:1      | Reached skill level 4 in Short Blades
  2286 | D:1      | Reached XP level 4. HP: 30/35 MP: 5/5
  2557 | D:2      | Slain by a gnoll

Illustrated notes

Levels and vault maps discovered:
D:1:      nzn_arrival_crosshair, layout_rooms, serial_rivers,
          chequers_serial_rivers_small_3, chequers_serial_rivers_micro_e,
          chequers_serial_rivers_micro_e, chequers_serial_rivers_large_b,
          chequers_serial_rivers_room_b, chequers_serial_rivers_micro_a,
          hangedman_abyss_or_decor_stabs, hangedman_decor_points
D:2:      layout_loops_ring, st_stairs_8

Skill      XL: |  1  2  3  4 |
---------------+-------------+-----
Short Blades   | 2 3 4 |  4.0
Armour         | 2 |  2.1
Fighting       | |  3.0
Dodging        | |  0.8
Invocations    | |  2.4

Action                   |  1- 3 |  4- 6 || total
-------------------------+-------+-------++-------
Melee: Short sword       |   118 |    12 ||   130
       Kick              |    16 |     2 ||    18
Invok: Depart the Abyss  |     1 |       ||     1
  Use: Potion            |     1 |       ||     1
Armor: Leather armour    |    20 |     1 ||    21
Dodge: Dodged            |    52 |     5 ||    57

Table legend: (Time is in decaauts)
 A = Elapsed time spent in this place.
 B = Non-inter-level travel time spent in this place.
 C = Inter-level travel time spent in this place.
 D = Time resting spent in this place.
 E = Time spent auto-exploring this place.
 F = Levels seen in this place.
 G = Mean time per level.
                   A        B        C        D        E       F      G
               +--------+--------+--------+--------+--------+-----+--------+
         Total |   2584 |   2517 |     67 |      0 |   2199 |   3 |  861.3 |
       Dungeon |   2449 |   2382 |     67 |      0 |   2069 |   2 | 1224.5 |
         Abyss |    135 |    135 |      0 |      0 |    130 |   1 |  135.0 |
               +--------+--------+--------+--------+--------+-----+--------+

Top non-repeatable levels by time:
     D:1: 1533 daAuts
     D:2: 916 daAuts
 Abyss:1: 135 daAuts
